General information
- name: BNet
- type: Ladder team game (AT/RT)
- host: Battle.net
- saver: Deustchland
map: Cherryville
- players: 8
- length: 112:14
- speed: Fast
- version: 1.26 W3XP
- replay type: Public
» download(400 KB)
Players
team 1 (loser)
LiQUiDNiNJ4 (
green | 50 APM | 3304 actions | 66:26)
7 Far Seer
3 Feral Spirit
3 Chain Lighting
1 Earth Quake
6 Shadow Hunter
3 Healing Wave
2 Hex
1 Big Bad Voodoo
3 Paladin
2 Holy Light
1 Divine Shield
» actions
| Assign group hotkey | 28 | |
| Basic commands | 166 | |
| Build / train | 144 | |
| ESC pressed | 3 | |
| Enter build submenu | 48 | |
| Enter hero's abilities submenu | 18 | |
| Give item / drop item | 13 | |
| Remove unit from queue | 4 | |
| Right click | 1369 | |
| Select / deselect | 1099 | |
| Select group hotkey | 99 | |
| Use ability | 308 | |
3304 total
» units
| Peon | 22 | |
| Grunt | 9 | |
| Troll Batrider | 31 | |
62 total
» upgrades
| Pillage | 1 | |
| Armor | 3 | |
| Melee Weapons | 2 | |
| Berserker Strength | 1 | |
| Ranged Weapons | 1 | |
8 total
» buildings
| Orc Burrow | 13 | |
| Altar of Storms | 2 | |
| Barracks | 1 | |
| Stronghold | 1 | |
| War Mill | 1 | |
| Great Hall | 1 | |
| Voodoo Lounge | 3 | |
| Beastiary | 5 | |
| Altar of Kings | 1 | |
| Farm | 1 | |
29 total
» build order
00:27 Orc Burrow
00:51 Altar of Storms
00:56 Barracks
01:33 Orc Burrow
02:28 Orc Burrow
02:30 Orc Burrow
05:00 Stronghold
06:04 War Mill
06:08 Great Hall
06:28 Voodoo Lounge
06:31 Voodoo Lounge
08:27 Orc Burrow
12:55 Beastiary
13:37 Beastiary
13:40 Beastiary
21:56 Orc Burrow
21:57 Orc Burrow
22:00 Orc Burrow
22:02 Orc Burrow
22:29 Orc Burrow
23:55 Beastiary
23:58 Beastiary
24:03 Voodoo Lounge
30:41 Orc Burrow
30:42 Orc Burrow
31:38 Altar of Storms
31:57 Orc Burrow
53:14 Altar of Kings
53:29 Farm
» items
| Healing Salve | 7 | |
| Lesser Clarity Potion | 12 | |
| Scroll of Speed | 1 | |
| Scroll of Healing | 2 | |
| Scroll of Protection | 1 | |
| Scroll of Town Portal | 3 | |
| Potion of Healing | 5 | |
| Potion of Mana | 5 | |
| Boots of Speed | 2 | |
| Circlet of Nobility | 1 | |
| Tome of Retraining | 2 | |
| Staff of Teleportation | 2 | |
| Potion of Lesser Invulnerability | 1 | |
44 total
USAn1 (
teal | 31 APM | 3414 actions | 111:05)
7 Blademaster
3 Wind Walk
3 Critical Strike
1 Bladestorm
» actions
| Assign group hotkey | 367 | |
| Basic commands | 414 | |
| Build / train | 85 | |
| Enter build submenu | 52 | |
| Enter hero's abilities submenu | 7 | |
| Give item / drop item | 26 | |
| Remove unit from queue | 4 | |
| Right click | 1148 | |
| Select / deselect | 593 | |
| Select group hotkey | 503 | |
| Use ability | 215 | |
3414 total
» units
| Peon | 13 | |
| Grunt | 4 | |
| Goblin Shredder | 2 | |
| Wind Rider | 13 | |
| Troll Batrider | 3 | |
| Shaman | 1 | |
| Goblin Sapper | 4 | |
40 total
» upgrades
| Ranged Weapons | 3 | |
| Armor | 3 | |
| Spiked Barricades | 3 | |
| Shaman Training | 2 | |
| Troll Regeneration | 1 | |
| Reinforced Defenses | 1 | |
| Envenomed Spears | 1 | |
| Burning Oil | 1 | |
| Liquid Fire | 1 | |
| Ensnare | 1 | |
17 total
» buildings
| Orc Burrow | 5 | |
| Altar of Storms | 1 | |
| Barracks | 1 | |
| Voodoo Lounge | 2 | |
| Stronghold | 1 | |
| War Mill | 2 | |
| Great Hall | 4 | |
| Beastiary | 7 | |
| Watch Tower | 70 | |
| Spirit Lodge | 1 | |
| Fortress | 1 | |
95 total
» build order
00:11 Orc Burrow
00:42 Altar of Storms
00:54 Barracks
01:21 Orc Burrow
01:44 Voodoo Lounge
03:21 Stronghold
04:32 War Mill
04:38 Great Hall
05:23 Orc Burrow
05:52 Beastiary
05:57 Beastiary
08:51 Great Hall
08:56 Watch Tower
08:57 Watch Tower
08:59 Watch Tower
09:00 Watch Tower
09:02 Watch Tower
09:03 Watch Tower
09:04 Watch Tower
09:04 Watch Tower
09:05 Watch Tower
09:06 Watch Tower
09:50 Orc Burrow
11:57 Spirit Lodge
13:10 Watch Tower
13:11 Watch Tower
13:11 Watch Tower
13:12 Watch Tower
13:15 Great Hall
13:20 Watch Tower
13:23 Watch Tower
13:23 Watch Tower
13:25 Watch Tower
13:26 Watch Tower
13:29 Watch Tower
13:29 Watch Tower
13:32 Watch Tower
13:33 Watch Tower
13:59 Fortress
14:56 Voodoo Lounge
16:19 Beastiary
16:22 Beastiary
16:33 War Mill
21:16 Great Hall
21:19 Watch Tower
21:19 Watch Tower
21:19 Watch Tower
21:19 Watch Tower
21:23 Watch Tower
21:23 Watch Tower
21:27 Watch Tower
21:27 Watch Tower
21:28 Watch Tower
21:28 Watch Tower
21:29 Watch Tower
21:29 Watch Tower
21:29 Watch Tower
21:31 Watch Tower
21:31 Watch Tower
21:34 Watch Tower
21:34 Watch Tower
21:35 Watch Tower
21:35 Watch Tower
23:21 Watch Tower
23:21 Watch Tower
23:21 Watch Tower
23:22 Watch Tower
23:23 Watch Tower
23:24 Watch Tower
23:25 Watch Tower
23:25 Watch Tower
23:25 Watch Tower
23:26 Watch Tower
23:26 Watch Tower
23:27 Watch Tower
23:28 Watch Tower
23:28 Watch Tower
23:28 Watch Tower
23:29 Watch Tower
23:29 Watch Tower
23:30 Watch Tower
23:31 Watch Tower
23:32 Watch Tower
23:32 Watch Tower
23:33 Watch Tower
23:34 Watch Tower
23:34 Watch Tower
23:35 Watch Tower
23:37 Watch Tower
23:37 Watch Tower
23:37 Watch Tower
27:22 Orc Burrow
27:26 Beastiary
27:28 Beastiary
27:32 Beastiary
» items
| Healing Salve | 5 | |
| Boots of Speed | 1 | |
| Staff of Teleportation | 1 | |
| Potion of Healing | 3 | |
| Lesser Clarity Potion | 1 | |
| Scroll of Town Portal | 2 | |
| Orb of Lightning | 1 | |
14 total
fkscht (
blue | 41 APM | 1527 actions | 37:08)
7 Mountain King
3 Storm Bolt
3 Bash
1 Avatar
5 Paladin
2 Holy Light
2 Divine Shield
1 Devotion Aura
» actions
| Build / train | 100 | |
| ESC pressed | 9 | |
| Enter build submenu | 31 | |
| Enter hero's abilities submenu | 12 | |
| Remove unit from queue | 1 | |
| Right click | 689 | |
| Select / deselect | 575 | |
| Use ability | 110 | |
1527 total
» units
| Peasant | 18 | |
| Footman | 1 | |
| Rifleman | 8 | |
| Mortar Team | 7 | |
| Siege Engine | 8 | |
| Priest | 6 | |
48 total
» upgrades
| Gunpowder | 3 | |
| Armor | 2 | |
| Lumber Harvesting | 2 | |
| Fragmentation Shards | 1 | |
| Flare | 1 | |
| Long Rifles | 1 | |
| Barrage | 1 | |
| Priest Training | 2 | |
| Plating | 2 | |
15 total
» buildings
| Altar of Kings | 1 | |
| Farm | 14 | |
| Barracks | 1 | |
| Blacksmith | 1 | |
| Lumber Mill | 1 | |
| Scout Tower | 3 | |
| Arcane Vault | 1 | |
| Keep | 1 | |
| Guard Tower | 3 | |
| Town Hall | 2 | |
| Workshop | 3 | |
| Castle | 1 | |
| Arcane Sanctum | 1 | |
33 total
» build order
00:07 Altar of Kings
00:13 Farm
00:18 Barracks
01:23 Blacksmith
01:39 Farm
02:07 Lumber Mill
02:38 Farm
03:34 Farm
04:14 Farm
05:20 Scout Tower
05:24 Arcane Vault
05:25 Keep
05:36 Scout Tower
06:02 Scout Tower
06:03 Guard Tower
07:44 Town Hall
08:36 Workshop
09:26 Castle
12:58 Farm
13:04 Workshop
13:40 Farm
14:27 Farm
15:12 Farm
15:39 Arcane Sanctum
16:12 Workshop
22:26 Farm
22:27 Farm
23:05 Farm
26:52 Farm
29:12 Town Hall
29:33 Farm
29:49 Guard Tower
29:52 Guard Tower
» items
| Lesser Clarity Potion | 4 | |
| Scroll of Regeneration | 2 | |
| Scroll of Town Portal | 3 | |
| Scroll of Speed | 2 | |
| Healing Salve | 3 | |
| Orb of Fire | 1 | |
| Ivory Tower | 2 | |
17 total

»
Kurohige[BB] (
pink | 19 APM | 2069 actions | 111:05)
10 Death Knight
3 Death Coil
3 Unholy Aura
1 Animate Dead
3 Death Pact
» actions
| Assign group hotkey | 137 | |
| Basic commands | 236 | |
| Build / train | 78 | |
| ESC pressed | 7 | |
| Enter build submenu | 24 | |
| Enter hero's abilities submenu | 12 | |
| Give item / drop item | 1 | |
| Remove unit from queue | 8 | |
| Right click | 904 | |
| Select / deselect | 471 | |
| Select group hotkey | 103 | |
| Use ability | 87 | |
2069 total
» units
| Acolyte | 10 | |
| Ghoul | 7 | |
| Frost Wyrm | 13 | |
30 total
» upgrades
| Creature Attack | 2 | |
| Creature Carapace | 2 | |
| Freezing Breath | 1 | |
5 total
» buildings
| Altar of Darkness | 1 | |
| Crypt | 1 | |
| Ziggurat | 8 | |
| Graveyard | 2 | |
| Tomb of Relics | 1 | |
| Spirit Tower | 1 | |
| Halls of the Dead | 2 | |
| Sacrificial Pit | 1 | |
| Nerubian Tower | 2 | |
| Black Citadel | 4 | |
| Boneyard | 2 | |
25 total
» build order
00:16 Altar of Darkness
00:32 Crypt
00:41 Ziggurat
01:12 Graveyard
01:19 Graveyard
02:08 Ziggurat
02:16 Tomb of Relics
03:01 Spirit Tower
03:08 Halls of the Dead
03:08 Halls of the Dead
04:54 Ziggurat
05:41 Sacrificial Pit
05:43 Nerubian Tower
05:52 Black Citadel
05:52 Black Citadel
05:52 Black Citadel
07:47 Ziggurat
08:18 Boneyard
08:21 Boneyard
09:25 Nerubian Tower
11:24 Ziggurat
11:28 Ziggurat
11:30 Ziggurat
11:34 Ziggurat
» items
| Rod of Necromancy | 1 | |
| Potion of Healing | 3 | |
| Potion of Lesser Invulnerability | 1 | |
| Orb of Corruption | 1 | |
| Scroll of Town Portal | 2 | |
| Healing Salve | 1 | |
| Lesser Clarity Potion | 1 | |
| Scroll of Speed | 1 | |
11 total
team 2 (winner)

»
oRRc (
yellow | 38 APM | 958 actions | 25:14)
4 Death Knight
2 Death Coil
2 Unholy Aura
2 Pit Lord
1 Howl of Terror
1 Rain of Fire
» actions
| Assign group hotkey | 25 | |
| Build / train | 56 | |
| Enter build submenu | 31 | |
| Enter hero's abilities submenu | 6 | |
| Give item / drop item | 1 | |
| Remove unit from queue | 1 | |
| Right click | 350 | |
| Select / deselect | 270 | |
| Select group hotkey | 135 | |
| Use ability | 81 | |
958 total
» units
| Acolyte | 8 | |
| Footman | 1 | |
| Ghoul | 5 | |
| Crypt Fiend | 13 | |
| Obsidian Statue | 5 | |
32 total
» upgrades
| Creature Attack | 2 | |
| Creature Carapace | 1 | |
| Web | 1 | |
| Destroyer Form | 1 | |
5 total
» buildings
| Altar of Darkness | 1 | |
| Ziggurat | 13 | |
| Crypt | 2 | |
| Tomb of Relics | 1 | |
| Graveyard | 1 | |
| Farm | 1 | |
| Halls of the Dead | 1 | |
| Black Citadel | 1 | |
| Spirit Tower | 1 | |
| Nerubian Tower | 2 | |
| Slaughterhouse | 3 | |
| Scout Tower | 2 | |
29 total
» build order
00:38 Altar of Darkness
00:55 Ziggurat
01:11 Crypt
01:16 Crypt
01:24 Tomb of Relics
01:43 Graveyard
01:53 Ziggurat
02:22 Farm
04:16 Halls of the Dead
06:31 Ziggurat
07:34 Ziggurat
09:03 Ziggurat
09:06 Ziggurat
11:14 Black Citadel
12:53 Spirit Tower
13:10 Nerubian Tower
13:14 Slaughterhouse
13:41 Ziggurat
14:09 Slaughterhouse
16:07 Slaughterhouse
16:37 Ziggurat
17:11 Ziggurat
17:14 Ziggurat
17:17 Ziggurat
17:19 Ziggurat
17:24 Ziggurat
19:33 Nerubian Tower
24:23 Scout Tower
24:28 Scout Tower
» items
| Rod of Necromancy | 1 | |
| Potion of Healing | 3 | |
| Scroll of Town Portal | 1 | |
5 total
Deustchland (
red | 40 APM | 4521 actions | 112:14)
9 Blood Mage
3 Flame Strike
3 Siphon Mana
1 Summon Phoenix
2 Banish
» actions
| Assign group hotkey | 50 | |
| Basic commands | 184 | |
| Build / train | 300 | |
| ESC pressed | 31 | |
| Enter build submenu | 70 | |
| Enter hero's abilities submenu | 9 | |
| Give item / drop item | 17 | |
| Right click | 1682 | |
| Select / deselect | 781 | |
| Select group hotkey | 1104 | |
| Use ability | 293 | |
4521 total
» units
| Peasant | 28 | |
| Footman | 4 | |
| Gryphon Rider | 8 | |
| Dragonhawk Rider | 19 | |
| Sorceress | 3 | |
| Knight | 2 | |
| Goblin Shredder | 7 | |
| Goblin Zeppelin | 9 | |
| Goblin Sapper | 4 | |
84 total
» upgrades
| Masonry | 6 | |
| Defend | 1 | |
| Lumber Harvesting | 4 | |
| Swords | 3 | |
| Animal War Training | 2 | |
| Armor | 3 | |
| Storm Hammers | 1 | |
| Cloud | 1 | |
| Sorceress Training | 2 | |
| Magic Sentry | 1 | |
| Backpack | 1 | |
| Long Rifles | 1 | |
| Gunpowder | 3 | |
| Plating | 3 | |
| Priest Training | 2 | |
| Control Magic | 1 | |
| Flare | 1 | |
| Fragmentation Shards | 1 | |
| Barrage | 1 | |
| Flying Machine Bombs | 1 | |
| Flak Cannons | 1 | |
40 total
» buildings
| Altar of Kings | 1 | |
| Farm | 12 | |
| Barracks | 1 | |
| Scout Tower | 37 | |
| Lumber Mill | 1 | |
| Arcane Vault | 1 | |
| Arcane Tower | 7 | |
| Guard Tower | 86 | |
| Keep | 4 | |
| Town Hall | 3 | |
| Castle | 4 | |
| Gryphon Aviary | 3 | |
| Blacksmith | 1 | |
| Arcane Sanctum | 1 | |
| Tree of Life | 1 | |
| Workshop | 2 | |
165 total
» build order
00:04 Altar of Kings
00:05 Farm
00:08 Barracks
01:08 Farm
01:53 Scout Tower
02:00 Lumber Mill
02:07 Arcane Vault
02:12 Scout Tower
02:13 Scout Tower
02:30 Arcane Tower
02:37 Farm
03:08 Guard Tower
03:09 Guard Tower
03:09 Guard Tower
03:10 Guard Tower
03:10 Guard Tower
03:22 Scout Tower
03:25 Scout Tower
04:28 Guard Tower
04:29 Guard Tower
04:29 Guard Tower
05:39 Scout Tower
05:48 Keep
05:48 Keep
06:16 Guard Tower
07:46 Farm
07:48 Farm
07:49 Farm
08:42 Guard Tower
08:42 Guard Tower
08:43 Guard Tower
08:43 Guard Tower
08:44 Guard Tower
08:44 Guard Tower
09:01 Guard Tower
09:02 Guard Tower
09:12 Town Hall
09:13 Scout Tower
09:36 Castle
09:36 Castle
09:36 Castle
09:40 Arcane Tower
09:46 Scout Tower
10:36 Guard Tower
10:36 Guard Tower
10:39 Scout Tower
10:42 Scout Tower
11:58 Guard Tower
12:12 Guard Tower
12:12 Guard Tower
12:13 Guard Tower
12:13 Guard Tower
12:13 Guard Tower
12:20 Gryphon Aviary
12:21 Gryphon Aviary
12:24 Farm
13:16 Scout Tower
13:46 Blacksmith
14:12 Arcane Sanctum
16:04 Scout Tower
16:05 Scout Tower
16:06 Scout Tower
16:09 Scout Tower
16:31 Guard Tower
16:33 Scout Tower
16:37 Scout Tower
16:39 Guard Tower
16:39 Guard Tower
16:40 Guard Tower
16:43 Scout Tower
16:44 Scout Tower
16:47 Scout Tower
17:58 Guard Tower
17:58 Guard Tower
19:16 Scout Tower
19:16 Scout Tower
19:17 Scout Tower
19:18 Scout Tower
19:53 Guard Tower
19:53 Guard Tower
19:53 Guard Tower
19:55 Guard Tower
19:55 Guard Tower
19:59 Guard Tower
19:59 Guard Tower
20:00 Guard Tower
20:00 Guard Tower
20:07 Guard Tower
20:08 Guard Tower
23:02 Farm
23:02 Farm
23:03 Farm
23:04 Farm
23:04 Farm
23:05 Guard Tower
24:42 Gryphon Aviary
25:45 Guard Tower
25:45 Guard Tower
25:48 Guard Tower
26:04 Scout Tower
26:05 Scout Tower
26:05 Scout Tower
26:07 Scout Tower
26:09 Scout Tower
26:49 Guard Tower
26:49 Guard Tower
31:32 Town Hall
31:35 Scout Tower
31:37 Scout Tower
31:39 Scout Tower
31:40 Scout Tower
33:11 Guard Tower
33:12 Guard Tower
33:12 Guard Tower
33:21 Guard Tower
33:21 Guard Tower
33:28 Guard Tower
33:28 Guard Tower
35:37 Keep
36:28 Scout Tower
36:33 Scout Tower
36:36 Scout Tower
37:12 Guard Tower
37:12 Guard Tower
37:12 Guard Tower
37:19 Guard Tower
37:19 Guard Tower
37:20 Guard Tower
37:26 Guard Tower
37:27 Guard Tower
37:27 Guard Tower
38:46 Tree of Life
41:32 Castle
41:40 Town Hall
43:15 Scout Tower
43:40 Arcane Tower
43:41 Arcane Tower
61:41 Workshop
61:52 Workshop
» items
| Scroll of Regeneration | 13 | |
| Ivory Tower | 5 | |
| Orb of Fire | 1 | |
| Staff of Sanctuary | 1 | |
| Boots of Speed | 1 | |
| Staff of Teleportation | 1 | |
| Periapt of Vitality | 1 | |
| Potion of Invisibility | 1 | |
| Potion of Healing | 7 | |
| Lesser Clarity Potion | 3 | |
| Scroll of Town Portal | 4 | |
| Potion of Mana | 1 | |
39 total

»
onFir3 (
orange | 79 APM | 2114 actions | 26:42)
6 Priestess of the Moon
3 Trueshot Aura
2 Searing Arrows
1 Starfall
5 Paladin
3 Holy Light
1 Devotion Aura
1 Resurrection
» actions
| Assign group hotkey | 31 | |
| Basic commands | 12 | |
| Build / train | 107 | |
| ESC pressed | 5 | |
| Enter build submenu | 40 | |
| Enter hero's abilities submenu | 11 | |
| Give item / drop item | 3 | |
| Right click | 791 | |
| Select / deselect | 442 | |
| Select group hotkey | 551 | |
| Use ability | 121 | |
2114 total
» units
| Wisp | 27 | |
| Peasant | 16 | |
| Rifleman | 6 | |
| Huntress | 4 | |
| Chimaera | 5 | |
| Hippogryph | 7 | |
| Gryphon Rider | 11 | |
76 total
» upgrades
| Strength of the Wild | 3 | |
| Swords | 2 | |
| Storm Hammers | 1 | |
| Plating | 1 | |
| Reinforced Hides | 2 | |
| Corrosive Breath | 1 | |
10 total
» buildings
| Altar of Elders | 1 | |
| Moon Well | 6 | |
| Altar of Kings | 1 | |
| Barracks | 1 | |
| Farm | 11 | |
| Blacksmith | 1 | |
| Hunter's Hall | 1 | |
| Lumber Mill | 1 | |
| Ancient of War | 2 | |
| Tree of Ages | 1 | |
| Keep | 1 | |
| Tree of Eternity | 1 | |
| Ancient of Wind | 2 | |
| Tree of Life | 4 | |
| Ancient of Wonders | 1 | |
| Chimaera Roost | 2 | |
| Gryphon Aviary | 2 | |
| Castle | 1 | |
40 total
» build order
00:07 Altar of Elders
00:20 Moon Well
00:35 Altar of Kings
00:40 Barracks
00:43 Farm
02:00 Blacksmith
02:09 Moon Well
02:20 Hunter's Hall
02:34 Lumber Mill
03:13 Ancient of War
03:14 Ancient of War
03:25 Tree of Ages
03:37 Farm
05:25 Keep
05:44 Moon Well
05:45 Moon Well
05:45 Moon Well
05:54 Tree of Eternity
06:00 Ancient of Wind
06:39 Farm
06:41 Farm
06:41 Farm
06:42 Farm
08:17 Tree of Life
08:30 Ancient of Wonders
09:21 Chimaera Roost
09:32 Gryphon Aviary
09:33 Gryphon Aviary
09:40 Castle
10:50 Chimaera Roost
10:55 Ancient of Wind
13:51 Moon Well
15:02 Tree of Life
19:23 Farm
19:24 Farm
19:25 Farm
19:26 Farm
19:26 Farm
19:53 Tree of Life
24:21 Tree of Life
» items
| Scroll of Town Portal | 2 | |
| Potion of Healing | 1 | |
3 total
Chat log
(00:11 / Allies) Deustchland: HALLO ich gehe Gryphon kameraden! ^__^
(00:27 / All) Deustchland: Sie kein Deutsch sprechen???
(00:54 / All) Deustchland: deutschland #1 die fahne hoch hitlerfahnen #1
(01:02 / All) Deustchland: sieg heil
(01:11 / Allies) onFir3: sei still
(01:13 / All) fkscht: sieg
(01:21 / Allies) onFir3: its ja peinlich
(01:47 / All) Deustchland: schrauben Berufsverkehr
(02:16 / All) USAn1: die eier von Satan
(02:27 / All) Deustchland: keine Juden
(02:46 / Allies) oRRc: red control
(02:47 / Allies) oRRc: plz
(02:53 / Allies) onFir3: no me
(02:56 / Allies) oRRc: red
(03:00 / All) Deustchland: Nein, ich bin Gott
(03:02 / All) Deustchland: NEIN
(03:03 / All) Deustchland: NEIN
(03:06 / All) Deustchland: FUJKEKR
(04:06 / All) Deustchland: NEIN
(04:17 / All) Deustchland: keine Eile
(04:22 / All) Deustchland: BLITZKRIEG
(04:33 / All) Deustchland: NEIN
(04:34 / All) Deustchland: GRN
(05:28 / All) Deustchland: nein
(05:29 / All) Deustchland: Schrauben Sie Ihre Mutter
(05:35 / All) Deustchland: hahahahah
(05:41 / All) Deustchland: u ger
(05:44 / All) Deustchland: ?????????
(05:53 / All) fkscht: ja
(06:06 / All) Deustchland: blodiel
(06:13 / All) fkscht: schnauze idiot
(06:29 / All) Deustchland: wir gewinnen
(06:40 / All) fkscht: blabla
(06:46 / All) Deustchland: verlassen
(07:02 / All) Deustchland: sie vierlieren
(07:12 / All) Deustchland: noob
(09:48 / Allies) oRRc: towers
(10:16 / All) Deustchland: bewegen sie hin
(11:13 / Allies) Deustchland: fack
(12:45 / All) Deustchland: hahahahahaha
(12:58 / All) Deustchland: uno fuk wit reich aha
(13:19 / Allies) oRRc: see
(13:28 / Allies) oRRc: wood pzl
(14:17 / Allies) oRRc: umnoits
(14:26 / Allies) Deustchland: ?
(14:27 / Allies) oRRc: gogogo
(14:29 / Allies) Deustchland: spk ger pls
(14:31 / Allies) oRRc: look
(14:40 / Allies) Deustchland: nein englistche
(14:53 / Allies) oRRc: no stop
(14:54 / Allies) oRRc: creep
(15:47 / Allies) Deustchland: nein
(15:49 / Allies) Deustchland: stack
(16:12 / Allies) Deustchland: nein
(16:23 / Allies) onFir3: gold pls
(16:50 / Allies) oRRc: we lose
(18:43 / Allies) oRRc: noob
(18:44 / Allies) oRRc: red
(19:00 / Allies) oRRc: gpgpgoogogog
(19:01 / Allies) Deustchland: fuker no spk to ger like that
(19:36 / Allies) Deustchland: hitler fuk u up ylw he on otr tm
(19:51 / Allies) oRRc: nice team
(20:09 / Allies) oRRc: no zig no units
(20:22 / All) Deustchland: oahhahawhawdhy
(20:29 / All) Deustchland: outa non ger
(20:31 / All) Deustchland: fk u
(20:54 / Allies) oRRc: move
(20:55 / Allies) oRRc: noob
(20:58 / Allies) Deustchland: sapply blok
(22:09 / Allies) Deustchland: lol
(22:13 / Allies) Deustchland: dnt spam an kill u dk
(22:16 / Allies) oRRc: u lol
(22:23 / Allies) onFir3: i contrl
(22:30 / Allies) oRRc: fuck german
(22:31 / Allies) Deustchland: i wldda got dk
(22:36 / Allies) oRRc: can u play
(22:43 / Allies) Deustchland: Deutschland ist der beste
(22:46 / Allies) Deustchland: fer
(22:46 / Allies) oRRc: kid
(22:56 / Allies) Deustchland: lol uno evn ger
(23:15 / Allies) oRRc: tower noob
(23:17 / Allies) oRRc: we lsoe
(23:22 / Allies) onFir3: pls gold
(23:22 / Allies) oRRc: shyty player
(23:37 / Allies) oRRc: tanks vs tower
(23:45 / Allies) oRRc: no chance german
(24:59 / Allies) oRRc: no sens
(25:09 / Allies) oRRc: german noob we lose
(25:19 / Allies) Deustchland: hahahah u american fuk
(26:12 / All) onFir3: well its a bit difficult to play alone vs 4
(26:19 / All) onFir3: but gg
(26:21 / All) Deustchland: team ger wn 1v4 u fuckker again
(26:33 / All) onFir3: have fun with the nazi
(26:47 / All) LiQUiDNiNJ4: gg nooob
(27:03 / All) Deustchland: FKER UAFD LOST DIE FAHNE HOCH HITLERFHANEN #! HE ON TADU TEAM
(27:46 / All) Deustchland: hohohoho nooba
(30:00 / All) USAn1: The cavalry is coming
(30:07 / All) LiQUiDNiNJ4: rofl
(30:10 / All) LiQUiDNiNJ4: he dropped his tp
(30:14 / All) Deustchland: TL U HITLER ON OTHER TEAM FUKERS NO LISTN HAHAHAHAH
(30:24 / All) LiQUiDNiNJ4: XD
(31:21 / All) USAn1: you can try
(31:22 / All) Deustchland: u madder englistche trsh?
(31:23 / All) LiQUiDNiNJ4: for fun :)
(32:19 / All) Deustchland: nein 1 gryphone
(34:31 / All) USAn1: USA IS NUMBER ONE
(35:31 / All) USAn1: come to papa
(36:28 / All) USAn1: now you go to hell
(36:53 / All) Deustchland: I'm surprised my German act worked.
(36:59 / All) Deustchland: too bad I had to spend so much time on google translate
(37:03 / All) Deustchland: so I played awful this stab
(38:11 / All) Deustchland: I was hoping to drop that tp and use the potion but instead they got it instead
(38:13 / All) Deustchland: that sucked
(38:29 / All) Deustchland: Green, I am not actually German. You have been rused.
(39:26 / All) Deustchland: Got my BM and army back finally
(39:45 / All) LiQUiDNiNJ4: i hope teal loses ^^
(39:51 / All) USAn1: why would I
(39:54 / All) USAn1: he is my friend
(40:00 / All) LiQUiDNiNJ4: coz he is noob and ass
(40:00 / All) Deustchland: I was not German
(40:04 / All) Deustchland: You have been rused
(40:05 / All) LiQUiDNiNJ4: like both of u
(40:34 / All) Deustchland: I was bad this game because I spent 40 of my APM on google translate for the act
(40:42 / All) Deustchland: and I still outplayed you
(40:45 / All) Deustchland: mass bats is hard
(43:15 / All) USAn1: reverse psychology, very smart
(43:19 / All) USAn1: definitely going to work
(43:33 / All) LiQUiDNiNJ4: xD i already know the outcome
(43:38 / All) LiQUiDNiNJ4: we are gonna lose xD
(43:51 / All) LiQUiDNiNJ4: i bet a million bucks for this pink
(43:54 / All) LiQUiDNiNJ4: we are lose :)
(43:58 / All) LiQUiDNiNJ4: save this replay
(44:06 / All) Deustchland: We shall upload it to highper.ch so all can laugh at you
(44:06 / All) LiQUiDNiNJ4: and bet a million and your mother on this
(44:10 / All) Deustchland: and to my bad German
(44:14 / All) LiQUiDNiNJ4: XD
(44:19 / All) LiQUiDNiNJ4: sure i don't care
(44:25 / All) LiQUiDNiNJ4: i am actually german
(44:29 / All) Deustchland: if you didn't care you would have left already
(44:31 / All) LiQUiDNiNJ4: stupid wankersnudel
(44:36 / All) Deustchland: I'm not an American
(44:41 / All) LiQUiDNiNJ4: hey i can leave directly
(44:42 / All) Deustchland: pedicabo et tu cinaede
(44:48 / All) LiQUiDNiNJ4: don't care anyway puta merda
(44:50 / All) Deustchland: want me to pause so you can pathice?
(44:51 / All) Deustchland: out
(44:52 / All) LiQUiDNiNJ4: u
(44:57 / All) Deustchland: cachting tu madr
(44:59 / All) LiQUiDNiNJ4: first XD dickhead i bet you won't
(45:09 / All) Deustchland: "dickhead" lol
(45:27 / All) Deustchland: Was English not your best course, you god damned German?
(45:49 / All) Deustchland: To understand a German is no different to understand a Chinaman or a Japanese, to modify the words of Patton
(45:54 / All) Deustchland: Not worth trying
(46:03 / All) Deustchland: Whatever you say bro
(46:15 / All) LiQUiDNiNJ4: i do your mom in a sec brooo
(46:24 / All) LiQUiDNiNJ4: can you do my mom? nooo
(46:28 / All) Deustchland: It dies a slow painful death
(46:29 / All) Deustchland: Poor workshop
(46:42 / All) Deustchland: You want multilingual insults green?
(46:53 / All) Deustchland: Lingua Latina is #1. German is a mediocre language
(47:02 / All) LiQUiDNiNJ4: i can make drawing if you are so dumb right here > ,,i,,
(47:06 / All) Deustchland: Pedicabo ego vos et irrumabo. pathice et cinaede
(47:31 / All) LiQUiDNiNJ4: contadore puta merda, fis de puta , tiewnelowmow hai
(47:34 / All) LiQUiDNiNJ4: there
(47:40 / All) Deustchland: legitis male me mare petitis?
(47:43 / All) LiQUiDNiNJ4: in french, spanish and chinese
(47:47 / All) LiQUiDNiNJ4: anything more?
(47:56 / All) LiQUiDNiNJ4: i can even talk dutch to you
(47:56 / All) Deustchland: boring modern languages
(48:06 / All) Deustchland: ancient greek and latin are only languages worht knowing
(48:07 / All) LiQUiDNiNJ4: hey eikel, kun je wel iets noobje ?
(48:12 / All) Deustchland: and english which is lingua franca
(48:13 / All) LiQUiDNiNJ4: kankernoobje je kunt niks jij
(48:27 / All) LiQUiDNiNJ4: je hebt alleen woorden, maar geen vulling noobjeeee
(48:31 / All) Deustchland: parum pudicum
(48:54 / All) LiQUiDNiNJ4: red wins :D
(48:59 / All) Deustchland: Yes
(49:03 / All) Deustchland: I hate Nazi trash like you
(49:15 / All) LiQUiDNiNJ4: i hope someday
(49:19 / All) Deustchland: JK
(49:24 / All) Deustchland: Hitler was a good fascist
(49:24 / All) LiQUiDNiNJ4: a suicide terrorist turk comes to you
(49:26 / All) Deustchland: one of the few examples
(49:51 / All) LiQUiDNiNJ4: and blows u up like a retarded shit
(50:01 / All) Deustchland: Turks haven't been relevent since the Ottoman Empire
(50:03 / All) LiQUiDNiNJ4: right there when u didn't expected it
(50:06 / All) LiQUiDNiNJ4: BUAHAHAAHHAHAHA
(50:53 / All) Deustchland: Green, why is that about a quarter of Germans back then anyway didn't support Hitler and Himmler?
(50:56 / All) Deustchland: They were good men
(51:08 / All) Deustchland: Ending international Jewry, good leadership, brilliant strategists and tacticians
(51:20 / All) Kurohige[BB]: red kill teal already
(51:22 / All) Deustchland: Ending them made the German people look fucktarded
(51:56 / All) LiQUiDNiNJ4: plzzz my sweet red
(51:58 / All) LiQUiDNiNJ4: go kill teal
(52:04 / All) Deustchland: Answer my question
(52:05 / All) LiQUiDNiNJ4: so at least he deserves -1 :)
(52:14 / All) LiQUiDNiNJ4: i answer u, if u kill teal first
(52:17 / All) LiQUiDNiNJ4: plz go on
(52:20 / All) LiQUiDNiNJ4: !!!
(52:20 / All) Deustchland: He is my friend
(52:23 / All) Deustchland: Why would I?
(52:29 / All) LiQUiDNiNJ4: oh sry
(52:36 / All) LiQUiDNiNJ4: i am sooo sorry he is your gay friend
(52:40 / All) Kurohige[BB]: so?
(52:45 / All) LiQUiDNiNJ4: plz proceed :)
(52:47 / All) Kurohige[BB]: red
(52:49 / All) LiQUiDNiNJ4: kill FACKIN TEAL
(52:54 / All) Deustchland:
(53:06 / All) Kurohige[BB]: KILL TEAL
(53:08 / All) Kurohige[BB]: KILL TEAL
(53:09 / All) Kurohige[BB]: KILL TEAL
(53:11 / All) Deustchland: No need to be a vittu bro
(53:12 / All) Kurohige[BB]: KILL TEAL
(53:15 / All) Kurohige[BB]: KILL TEAL
(53:18 / All) Kurohige[BB]: KILL TEAL
(53:20 / All) Kurohige[BB]: KILL TEAL
(53:25 / All) Kurohige[BB]: KILL TEAL
(53:26 / All) Deustchland: My nigger, I do not take orders from my inferiors
(53:39 / All) Kurohige[BB]: KILL TEAL
(53:45 / All) Deustchland: I will
(53:48 / All) LiQUiDNiNJ4: TEAL PLZ 100 FUCKINGOLD
(53:49 / All) Deustchland: If you name every president of Germany
(54:25 / All) Kurohige[BB]: KILL TEAL
(54:27 / All) Deustchland: misclick
(54:28 / All) Kurohige[BB]: KILL TEAL
(54:29 / All) Deustchland: meant to hit a middle peon
(54:31 / All) Kurohige[BB]: KILL TEAL
(54:32 / All) Kurohige[BB]: KILL TEAL
(54:37 / All) Kurohige[BB]: KILL TEAL
(54:38 / All) Kurohige[BB]: KILL TEAL
(54:40 / All) Kurohige[BB]: KILL TEAL
(54:43 / All) Kurohige[BB]: KILL TEAL
(54:45 / All) Kurohige[BB]: KILL TEAL
(54:46 / All) Kurohige[BB]: KILL TEAL
(54:47 / All) Kurohige[BB]: KILL TEAL
(54:58 / All) Kurohige[BB]: KILL TEAL
(55:23 / All) Deustchland: Not until green apologises for not fighting on Hitler's flag.
(55:42 / All) LiQUiDNiNJ4: i will make bow on hitler and do the fuckin saluteeee
(55:49 / All) LiQUiDNiNJ4: XD
(55:54 / All) Deustchland: You have to say "Sorry." with every letter like that
(55:58 / All) Deustchland: or "I apologise."
(56:03 / All) Kurohige[BB]: hitler should burn in hell
(56:13 / All) Kurohige[BB]: KILL TEAL
(56:21 / All) Deustchland: I will not kill it after you said that about my Fuhrer.
(56:33 / All) Deustchland: He was a good man and better than you.
(56:35 / All) LiQUiDNiNJ4: ok Sorry that you are the guy with most of shit, my apologies people!!!
(57:00 / All) Kurohige[BB]: hitler sucks dicks in hell right now
(57:11 / All) Deustchland: He was a good Christian. He is in heaven.
(57:15 / All) Deustchland: Listen to his speeches
(57:17 / All) Deustchland: He is a Christian
(57:29 / All) Kurohige[BB]: BURN
(57:31 / All) Kurohige[BB]: IN
(57:32 / All) Kurohige[BB]: HELL
(57:38 / All) Kurohige[BB]: HITLER
(57:52 / All) Deustchland: Why do you wish ill upon others
(57:58 / All) Deustchland: You must be a bad man
(58:33 / All) Deustchland: We can do this forever until green apologises
(58:45 / All) LiQUiDNiNJ4: has left the game
(58:52 / All) Deustchland: nice try
(58:58 / All) Deustchland: Press alt+qq for instant victory
(59:09 / All) Kurohige[BB]: hahah nice try
(59:13 / All) LiQUiDNiNJ4: :D
(59:24 / All) Deustchland: Are you going to apologise?
(59:30 / All) LiQUiDNiNJ4: yeee well, he did thought and read it long before he said: "nice try" :DDDD
(59:38 / All) Deustchland: Oh?
(59:44 / All) LiQUiDNiNJ4: OH what?
(59:49 / All) Deustchland: Oh really?
(59:49 / All) Kurohige[BB]: rape teal
(59:56 / All) Kurohige[BB]: RAPE TEAL!!!
(59:57 / All) Deustchland: He is my friend. Why would I?
(60:03 / All) Deustchland: He is a comrade in arms
(60:08 / All) Kurohige[BB]: IN HIS ASS U BOTH GAY
(60:17 / All) Deustchland: Okay?
(60:21 / All) LiQUiDNiNJ4: pink
(60:25 / All) LiQUiDNiNJ4: u can also pauze
(60:31 / All) LiQUiDNiNJ4: just try
(60:33 / All) Kurohige[BB]: why should I
(60:37 / All) LiQUiDNiNJ4: coz its fun
(60:43 / All) LiQUiDNiNJ4: then they are annoyed :)
(60:45 / All) LiQUiDNiNJ4: u know?
(60:49 / All) Kurohige[BB]: I wanna see teal raped
(60:50 / All) Deustchland: He is AFK making a green smoothie
(61:04 / All) LiQUiDNiNJ4: HAHAHA
(61:16 / All) Deustchland: What is so funny?
(61:24 / All) LiQUiDNiNJ4: HAHAHAHAAAAAAAAAAAAAAAaaaaaaaaaaaaaaaaaaaaa
(61:30 / All) Deustchland: I said he was AFK. Not me.
(61:58 / All) LiQUiDNiNJ4: let's be gentle and kill teal while u can
(62:06 / All) Deustchland: "while I can"?
(62:11 / All) Deustchland: I have an army that can beat him if he lags out
(62:17 / All) Deustchland: I have 8,000 gold
(62:29 / All) LiQUiDNiNJ4: i don't care
(62:29 / All) Kurohige[BB]: y kill him
(62:37 / All) Kurohige[BB]: kill teal
(62:39 / All) LiQUiDNiNJ4: as long as u can kil him its fine by meeee
(63:07 / All) LiQUiDNiNJ4: kk i will wait and see if you killed teal
(63:18 / All) Deustchland: We can do this until he runs out of gold and wood
(63:18 / All) LiQUiDNiNJ4: :) i can let this pc put on all night long
(63:22 / All) Deustchland: Okay
(63:24 / All) Deustchland: Go ahead
(63:29 / All) Kurohige[BB]: Ill wait till teal is killed
(63:39 / All) Deustchland: it will never happen lol
(64:48 / All) LiQUiDNiNJ4: gg pink
(64:50 / All) LiQUiDNiNJ4: !!!
(64:53 / All) LiQUiDNiNJ4: bye bye teal!
(65:01 / All) Deustchland: lol
(74:45 / All) Deustchland: Still here pink?